 Dungeon Crawl Stone Soup version 0.22-a0-268-g1cc83efe17 (webtiles) character file.

189 Manul the Covert (level 5, 0/35 HPs)
             Began as an Octopode Assassin on Mar 9, 2018.
             Slain by Grinder (3 damage)
             ... on level 3 of the Dungeon.
             The game lasted 00:02:52 (2749 turns).

Manul the Covert (Octopode Assassin)                Turns: 2749, Time: 00:02:52

Health: 0/35       AC:  1    Str:  7 (10) XL:     5   Next: 68%
Magic:  5/5        EV: 12    Int: 11 (13) God:
Gold:   188        SH:  3    Dex: 14 (15) Spells: 4/4 levels left

rFire    . . .     SeeInvis .   p - +1 spear (pierce)
rCold    . . .     Gourm    .   q - +0 buckler
rNeg     . . .     Faith    .   (helmet restricted)
rPois    .         Spirit   .   o - amulet of regeneration
rElec    .         Reflect  .   (no ring)
rCorr    .         Harm     .   (no ring)
MR       .....                  (no ring)
Stlth    +++++.....             (no ring)
HPRegen  0.51/turn              (no ring)
MPRegen  0.09/turn              (no ring)
                                (no ring)
                                (no ring)

@: no status effects
A: almost no armour, stealthy swim, amphibious, 8 rings, constrict 8, camouflage
1, gelatinous body 1
a: no special abilities


You were on level 3 of the Dungeon.
You were not hungry.

You visited 1 branch of the dungeon, and saw 3 of its levels.

You collected 188 gold pieces.

Inventory:

Hand Weapons
 a - a +2 dagger
 b - a +0 blowgun
 p - a +1 spear of piercing (weapon)
Missiles
 c - 31 poisoned needles
 d - 2 curare-tipped needles
 r - 2 needles of confusion
Armour
 q - a +0 buckler (worn)
Jewellery
 o - an amulet of regeneration (around mantle)
Scrolls
 e - a scroll of teleportation {unknown}
 h - a scroll of immolation {unknown}
 i - a scroll of identify {unknown}
 j - a scroll of fog {unknown}
 k - a scroll of blinking {unknown}
 m - 4 scrolls of remove curse {unknown}
 n - a scroll of enchant weapon {unknown}
 s - a scroll of random uselessness {unknown}
 u - a scroll of noise {unknown}
 y - a scroll of enchant armour {unknown}
Potions
 g - 2 potions of curing
 l - a potion of mutation {unknown}
 w - a potion of ambrosia {unknown}
 x - a potion of flight {unknown}
Comestibles
 f - 5 rations
 t - 3 chunks of flesh


   Skills:
 + Level 2.6 Fighting
 + Level 3.0 Short Blades
 - Level 2.0 Throwing
 + Level 1.2 Dodging
 + Level 8.3 Stealth


You had 4 spell levels left.
You didn't know any spells.

Dungeon Overview and Level Annotations

Branches:
Dungeon (3/15)

Altars:
Elyvilon
Okawaru

Annotations:
D:3 Grinder


Innate Abilities, Weirdness & Mutations

You cannot wear most types of armour.
You are very stealthy in the water. (Stealth+)
You are amphibious.
You can wear up to eight rings at the same time.
You can use your tentacles to constrict eight enemies at once.
Your skin changes colour to match your surroundings (Stealth+).
Your rubbery body absorbs attacks. (AC +1, EV +1)


Message History

Grinder hits you.
You writhe in agony.
* * * LOW HITPOINT WARNING * * *
Grinder hits you.
* * * LOW HITPOINT WARNING * * *
You can move again.
You feel better. Grinder hits you but does no damage.
Wield which item (- for none, * to show all)? (? for menu, Esc to quit)
p - a +1 spear of piercing (weapon)
You block Grinder's attack.
It was a potion of degeneration.
There was something very wrong with that liquid.
You feel weakened.
You feel dopey.
You feel clumsy. Grinder hits you!
* * * LOW HITPOINT WARNING * * *
You writhe in agony.
* * * LOW HITPOINT WARNING * * *
You feel better. Grinder hits you!
* * * LOW HITPOINT WARNING * * *
You writhe in agony.
You die...

..#....### ..##...#
#. .....###
###.####### ..#..###
#.........#
..#......#.........#
.........#.........#
.##................#
..#.# ...#.....5..)#
....# ...#......@..#
.#.###...###...#####
.......# #..##
......### ##.##
..###...# #..#
...####.# #..# ...##
#.# #..# ...8# #.#
#..# ...####.###..#


You could see Grinder.

Vanquished Creatures
  3 gnolls
  8 adders
  2 oozes
  A worm (D:2)
  2 dart slugs (D:2)
  4 leopard geckos
  An orc (D:3)
  A ball python (D:2)
  10 bats
  2 giant cockroaches
  5 goblins
  7 hobgoblins
  2 jackals (D:3)
  8 kobolds
  3 quokkas
  9 rats
68 creatures vanquished.

Notes
Turn   | Place    | Note
-------+----------+-------------------------------------------
     0 | D:1      | Manul the Octopode Assassin began the quest for the Orb.
     0 | D:1      | Reached XP level 1. HP: 14/14 MP: 1/1
   227 | D:1      | Reached XP level 2. HP: 13/19 MP: 2/2
   645 | D:1      | Reached skill level 6 in Stealth
   902 | D:2      | Reached XP level 3. HP: 20/24 MP: 3/3
   929 | D:2      | Found an iron altar of Okawaru.
  1169 | D:2      | Reached XP level 4. HP: 29/29 MP: 4/4
  1194 | D:1      | Reached skill level 7 in Stealth
  1511 | D:2      | Found a white marble altar of Elyvilon.
  2271 | D:2      | Reached XP level 5. HP: 33/35 MP: 5/5
  2520 | D:3      | Reached skill level 8 in Stealth
  2725 | D:3      | Noticed Grinder
  2741 | D:3      | Paralysed by Grinder for 5 turns
  2748 | D:3      | HP: 1/35 [Grinder (3)]
  2749 | D:3      | Slain by Grinder

Vault maps used:
D:1:      giann_bridges, minmay_crystal_room, due_unseen_surprise
D:2:      grunt_temple_overflow_open, first_ration
D:3:      serial_corexii_hall, corexii_hall_statues_l,
          corexii_hall_statues_deadend, chequers_ecumenical_altar_twisty,
          uniq_grinder

Skill      XL: |  1  2  3  4  5 |
---------------+----------------+-----
Stealth        | 6 7 8 |  8.3
Short Blades   | 3 |  3.0
Fighting       | |  2.6
Throwing       | |  2.0
Dodging        | |  1.2

Action                   |  1- 3 |  4- 6 || total
-------------------------+-------+-------++-------
Melee: Dagger            |    47 |    88 ||   135
       Constrict         |    11 |    20 ||    31
       Tentacles         |     6 |    17 ||    23
 Fire: Blowgun           |       |     6 ||     6
  Use: Potion            |       |     3 ||     3
 Stab: Sleeping          |    11 |    11 ||    22
       Distracted        |       |     1 ||     1
  Eat: Chunk             |       |     6 ||     6
Armor: Skin              |     3 |     6 ||     9
Dodge: Dodged            |    21 |    51 ||    72
Block: Buckler           |       |     8 ||     8

Table legend:
 A = Spawn XP
 B = Non-spawn XP
 C = Spawn XP percentage of total XP
 D = Spawn monster count
 E = Non-spawn monster count
 F = Spawn count percentage of total count
 G = Total turns spent on level
                    A         B        C        D         E        F      G
               +---------+---------+-------+---------+---------+-------+---------
         Total |       0 |     270 |   0.0 |       0 |      68 |   0.0 |  2749
               +---------+---------+-------+---------+---------+-------+---------
           D:1 |       0 |      37 |   0.0 |       0 |      14 |   0.0 |  1228
           D:2 |       0 |     162 |   0.0 |       0 |      30 |   0.0 |  1263
           D:3 |       0 |      71 |   0.0 |       0 |      24 |   0.0 |   258
               +---------+---------+-------+---------+---------+-------+---------
